Cogmind - Beta 13 @@@ ROGUE MODE // 2024.04.03 @ 14:42:54 Player: Whitebacon Result: Self-destructed Performance ------------- Evolutions (2) 1000 Regions Visited (5) 1000 Robots Destroyed (50) 250 Value Destroyed (931) 931 Prototype IDs (5) 100 Alien Tech Used (0) 0 Bonus (83) 83 TOTAL SCORE: 3364 Bonus ------- Follower Combat Kills 93 Friendly Fire -10 Cogmind --------- Core Integrity 440/550 Matter 285/300 Energy 280/280 System Corruption 2% Temperature Cool (12) Movement Walking (186) Ox1 Location -8/Materials Parts ------- > --- POWER (1) -------- Cooled Ion Engine > --- PROPULSION (4) --- Aluminum Leg Improved Aluminum Leg VSS Leg > --- UTILITY (4) ------ Medium Storage Unit Improved Melee Analysis Suite Improved Light Armor Plating Reactive Plating > --- WEAPON (2) ------- Spread Laser Powered Hammer > --- INVENTORY (10) --- Cooled Ion Engine Aluminum Leg Coolant Injector Large Battery (200) Large Matter Pod (150) Improved Melee Analysis Suite Transmission Jammer Improved Medium Laser EMP Blaster Remote Datajack Peak State ------------ > --- POWER ------------ Cooled Ion Engine > --- PROPULSION ------- Aluminum Leg Aluminum Leg Aluminum Leg Improved Aluminum Leg > --- UTILITY ---------- Medium Storage Unit Improved Melee Analysis Suite Transmission Jammer Improved Medium Armor Plating > --- WEAPON ----------- Improved Medium Laser Powered Hammer > --- INVENTORY -------- Cooled Ion Engine Coolant Injector Large Battery Large Matter Pod Improved Melee Analysis Suite Hardened Light Armor Plating Spread Laser Improved Medium Laser EMP Blaster Remote Datajack [Rating: 30] Favorites ----------- Power Light Ion Engine Engine Light Ion Engine Propulsion Aluminum Leg Leg Aluminum Leg Utility Medium Storage Unit Device Sensor Array Storage Medium Storage Unit Processor Improved Melee Analysis Suite Protection Hardened Light Armor Plating Weapon Spread Laser Energy Gun Spread Laser Energy Cannon Ion Cannon Launcher EMP Blaster Special Weapon Mining Laser Impact Weapon Powered Hammer Build | -11 -10 -10 -9 -9 -8 ------- Run | Yrd Mat Min Mat Min Mat Slots Evolved 4 | . . . 2 . 2 Power . | . . . . . . Propulsion 2 | . . . 1 . 1 Utility 2 | . . . 1 . 1 Weapon . | . . . . . . Parts Attached 59 | 6 13 1 15 8 16 Power 7 | 1 1 1 4 . . Engine 7 | 1 1 1 4 . . Core . | . . . . . . Reactor . | . . . . . . Propulsion 13 | 2 1 . 5 2 3 Treads . | . . . . . . Leg 13 | 2 1 . 5 2 3 Wheel . | . . . . . . Hover . | . . . . . . Flight . | . . . . . . Utility 16 | 1 3 . 2 5 5 Device 8 | . 2 . 1 4 1 Storage 2 | 1 1 . . . . Processor 1 | . . . . . 1 Hackware . | . . . . . . Protection 5 | . . . 1 1 3 Artifact . | . . . . . . Weapon 23 | 2 8 . 4 1 8 Energy Gun 14 | 2 4 . 4 . 4 Energy Cannon 2 | . . . . . 2 Ballistic Gun . | . . . . . . Ballistic Cannon . | . . . . . . Launcher 4 | . 3 . . . 1 Special Weapon 1 | . 1 . . . . Impact Weapon 2 | . . . . 1 1 Slashing Weapon . | . . . . . . Piercing Weapon . | . . . . . . Special Melee Weapon . | . . . . . . Unidentified Prototypes 3 | . . . 3 . . Corrupted Parts 5 | . . . . 4 1 System Corruption 31 | . . . . 29 2 Parts Lost 3 | . . . 1 1 1 Power 1 | . . . 1 . . Propulsion 1 | . . . . . 1 Utility 1 | . . . . 1 . Weapon . | . . . . . . Highest Loss Streak 1 | . . . 1 1 1 To Critical Strikes . | . . . . . . Average Slot Usage (%) 97 | . 93 100 99 99 97 Engine 11 | . 14 14 10 11 9 Leg 31 | . 28 28 33 33 33 Device 10 | . 8 14 11 10 9 Storage 11 | . 14 14 11 11 9 Processor 1 | . . . . . 8 Protection 5 | . . . 10 11 9 Energy Gun 20 | . 25 28 22 22 3 Launcher 1 | . . . . . 4 Impact Weapon 1 | . . . . . 8 Naked Turns . | . . . . . . Heaviest Build 39 | 11 20 20 30 32 39 Greatest Support 53 | 20 20 20 53 53 45 Greatest Overweight (x) 1 | . . . . . 1 Average Overweight (x) . | . . . . . . Largest Inventory Capacity 10 | 8 10 10 10 10 10 Average Capacity 9 | 7 8 10 10 10 10 Most Carried 10 | 4 10 10 10 10 10 Average Carried 8 | 2 5 9 9 9 9 Final Capacity 10 | 8 10 10 10 10 10 Final Carried 10 | 3 10 10 10 10 10 Class Distribution -------------------- 84% | Mutant 15% | Scavenger-Mutant Dominant Class ---------------- Mutant | -10/Materials Mutant | -10/Mines Scavenger-Mutant | -9/Materials Mutant | -9/Mines Mutant | -8/Materials Resources | -11 -10 -10 -9 -9 -8 ----------- Run | Yrd Mat Min Mat Min Mat Matter Collected 1034 | 229 209 50 278 34 234 Remotely . | . . . . . . Salvage Created 1234 | . 182 10 518 . 524 Parts 98 | . 23 2 36 . 37 Haulers Intercepted 5 | . 2 . 3 . . Recyclers Shooed . | . . . . . . Parts Field Recycled . | . . . . . . Retrieved Matter . | . . . . . . Parts Self-Destructed . | . . . . . . Prevented . | . . . . . . Kills | -11 -10 -10 -9 -9 -8 ------- Run | Yrd Mat Min Mat Min Mat Combat Hostiles Destroyed 30 | . 8 . 12 . 10 Melee 1 | . . . . . 1 Guns 17 | . 2 . 12 . 3 AOE 11 | . 6 . . . 5 Classes Destroyed 9 | . 4 . 3 . 2 Worker 8 | . 2 1 2 . 3 Builder 2 | . . . . . 2 Hauler 5 | . 2 . 3 . . Mechanic 1 | . . . 1 . . Watcher 4 | . 2 . 1 . 1 Swarmer 16 | . 8 . 4 . 4 Grunt 6 | . . . 3 . 3 Sentry 6 | . . . 5 . 1 Specialist 2 | . . . . . 2 Best Kill Streak 6 | . 5 1 6 . 5 Combat Bots Only 6 | . 3 . 6 . 3 Max Kills in Single Turn 3 | . 3 1 2 . 2 Gunslinging 1 | . . . 1 . . Exploded 2 | . 2 . . . 1 Melee 1 | . . . . . 1 Uniques/NPCs Destroyed . | . . . . . . Combat | -11 -10 -10 -9 -9 -8 -------- Run | Yrd Mat Min Mat Min Mat Hostile Shots Fired 163 | . 18 . 44 3 98 Missed 66 | . 7 . 12 . 47 Damage Taken 1450 | . 150 . 382 70 848 Core 186 | . 24 . 52 . 110 Absorbed by Shields . | . . . . . . Ignored by Resistances 85 | . . . . . 85 Regen/Repaired (Parts) 14 | . . . 14 . . Core Remaining (%) 92 | 100 . 90 . 87 . Volleys Fired 84 | . 23 1 34 2 24 Largest 2 | . 2 2 2 2 1 Hottest 130 | . 130 130 130 130 65 Shots Fired 135 | . 38 2 68 3 24 Gun 118 | . 32 2 68 3 13 Cannon . | . . . . . . Launcher 17 | . 6 . . . 11 Special . | . . . . . . Kinetic . | . . . . . . Thermal 118 | . 32 2 68 3 13 Explosive 6 | . 6 . . . . Electromagnetic 11 | . . . . . 11 Robot Hit Streak 17 | . 7 4 17 3 5 Robot Miss Streak 12 | . 9 1 12 2 9 Penetration Max . | . . . . . . Secondary Targets 3 | . . . 3 . . Max Gunslinging Chain 1 | . . . 1 . . Shots Hit Robots 108 | . 18 2 56 3 29 Core Hits 134 | . 20 4 79 3 28 Critical Kills . | . . . . . . Critical Parts Destroyed 2 | . . . . . 2 Critical Strikes 2 | . . . . . 2 Smash 2 | . . . . . 2 Melee Attacks 23 | . . . . . 23 Impact 23 | . . . . . 23 Slashing . | . . . . . . Piercing . | . . . . . . Sneak Attacks 4 | . . . . . 4 Combat Hostiles . | . . . . . . Follow-up Attacks . | . . . . . . Damage Inflicted 2985 | . 756 20 830 40 1339 Guns 1206 | . 189 20 830 34 133 Cannons . | . . . . . . Explosions 944 | . 566 . . . 378 Melee 828 | . . . . . 828 Ramming 7 | . 1 . . 6 . Kinetic . | . . . . . . Thermal 1279 | . 189 20 830 34 206 Explosive 566 | . 566 . . . . Electromagnetic 305 | . . . . . 305 Impact 828 | . . . . . 828 Slashing . | . . . . . . Piercing . | . . . . . . Highest Corruption 29 | . . . . 29 2 Average Corruption 7 | . . . . 19 2 Corruption Purged . | . . . . . . Corruption Blocked . | . . . . . . Effects 5 | . . . . 3 2 Message Errors 2 | . . . . 1 1 Matter Fused 1 | . . . . 1 . Energy Discharges 1 | . . . . . 1 Weapon Failures 1 | . . . . 1 . Overload Shots . | . . . . . . Overflow Damage 234 | . 9 . . . 225 Projectiles . | . . . . . . Explosions 9 | . 9 . . . . Melee 225 | . . . . . 225 Knockbacks 1 | . . . . . 1 Impact 1 | . . . . . 1 Kinetic . | . . . . . . Secondary . | . . . . . . Self-Inflicted Damage . | . . . . . . Shots . | . . . . . . Rammed . | . . . . . . Targets Rammed 2 | . 1 . . 1 . Kicked 2 | . 1 . . 1 . Crushed . | . . . . . . Highest Temperature 294 | . 138 69 294 70 66 Average Temperature 78 | . 43 39 101 47 23 Received Heat Transfer 363 | . . . 111 18 234 Siege Activations . | . . . . . . Robots Corrupted . | . . . . . . Combat Hostiles . | . . . . . . Parts Fried 14 | . . . . . 14 Impact Corruptions 9 | . . . . . 9 Robots Melted . | . . . . . . Combat Hostiles . | . . . . . . Parts Melted 1 | . . . 1 . . Heat Transferred 1802 | . 442 30 1030 45 255 Parts Sabotaged . | . . . . . . Parts Stolen . | . . . . . . Parts Stripped . | . . . . . . Power Chain Reactions 3 | . . . . . 3 Alert | -11 -10 -10 -9 -9 -8 ------- Run | Yrd Mat Min Mat Min Mat Peak Influence 319 | . 147 58 319 149 252 Initial 124 | . . 53 . 124 57 Average 95 | . 104 44 106 121 117 Maximum Alert Level 1 | . . . 1 . 1 Low Security (%) 94 | 100 100 100 93 100 85 Level 1 5 | . . . 6 . 15 Level 2 . | . . . . . . Level 3 . | . . . . . . Level 4 . | . . . . . . Level 5 . | . . . . . . High Security . | . . . . . . Max Security . | . . . . . . Squads Dispatched 5 | . . . . 1 4 Investigation 1 | . . . . . 1 Extermination . | . . . . . . Reinforcement 4 | . . . . 1 3 Assault . | . . . . . . Garrison . | . . . . . . Intercept . | . . . . . . Searches Triggered . | . . . . . . Construction Impeded 1 | . . . . 1 . Haulers Reinforced . | . . . . . . Active Scanning Responses . | . . . . . . Cargo Convoy Interrupts . | . . . . . . Stealth | -11 -10 -10 -9 -9 -8 --------- Run | Yrd Mat Min Mat Min Mat Distress Signals 5 | . 2 . 2 . 1 Communications Jammed 11 | . . . . . 11 Distress Signals 11 | . . . . . 11 Times Spotted 67 | . 15 . 25 1 26 Peak Tracking Total 7 | . 4 . 5 1 7 Tactical Retreats 1 | . 1 . . . . Traps | -11 -10 -10 -9 -9 -8 ------- Run | Yrd Mat Min Mat Min Mat Traps Triggered 3 | . 2 . . 1 . Indirectly . | . . . . . . Trap Hack Attempts . | . . . . . . Triggered . | . . . . . . Disarmed . | . . . . . . Reprogrammed . | . . . . . . Reused . | . . . . . . Traps Extracted . | . . . . . . Installed . | . . . . . . Triggered . | . . . . . . Machines | -11 -10 -10 -9 -9 -8 ---------- Run | Yrd Mat Min Mat Min Mat Machines Disabled 2 | . . . . . 2 Max in Single Turn 1 | . . . . . 1 Garrison Access 1 | . . . . . 1 Machines Repaired . | . . . . . . Machines Dismantled . | . . . . . . Machines Sabotaged . | . . . . . . Overloaded Fab Kills . | . . . . . . Hacking | -11 -10 -10 -9 -9 -8 --------- Run | Yrd Mat Min Mat Min Mat Machines Accessed 16 | . 5 . 5 1 5 Terminals 11 | . 4 . 4 . 3 Fabricators . | . . . . . . Repair Stations 1 | . . . 1 . . Recycling Units 1 | . 1 . . . . Scanalyzers 1 | . . . . . 1 Garrison Access 1 | . . . . . 1 Total Hacks 43 | . 16 . 11 1 15 Successful 20 | . 9 . 5 1 5 Failed 23 | . 7 . 6 . 10 Catastrophic 2 | . . . 2 . . Database Lockouts . | . . . . . . Manual 19 | . 5 . 6 . 8 Terminals 31 | . 14 . 9 . 8 Fabricators . | . . . . . . Repair Stations 2 | . . . 2 . . Recycling Units 2 | . 2 . . . . Scanalyzers 3 | . . . . . 3 Garrison Access 4 | . . . . . 4 Terminal Hacks 6 | . 3 . 1 1 1 Prototype ID Bank 1 | . 1 . . . . Open Door 1 | . . . . 1 . Branch Access Points 1 | . . . 1 . . Unreport Threat 1 | . . . . . 1 Locate Traps 1 | . 1 . . . . Zone Layout 1 | . 1 . . . . Fabricator Hacks . | . . . . . . Repair Station Hacks 2 | . . . 2 . . Scan Component 1 | . . . 1 . . Repair 1 | . . . 1 . . Recycling Unit Hacks 1 | . 1 . . . . Retrieve Components 1 | . 1 . . . . Scanalyzer 2 | . . . . . 2 Insert Component 1 | . . . . . 1 Analyze 1 | . . . . . 1 Garrison Access Hacks 1 | . . . . . 1 Seal Access 1 | . . . . . 1 Unauthorized Hacks 8 | . 5 . 2 . 1 Terminals 7 | . 4 . 2 . 1 Botnet 7 | . 4 . 2 . 1 Fabricators . | . . . . . . Repair Stations . | . . . . . . Recycling Units 1 | . 1 . . . . Recyclers 1 | . 1 . . . . Scanalyzers . | . . . . . . Garrison Access . | . . . . . . Data Cores Recovered 1 | . . . . . 1 Used . | . . . . . . Hacking Detections 13 | . 4 . 4 . 5 Full Trace Events 1 | . . . . . 1 Feedback Events . | . . . . . . Feedback Blocked . | . . . . . . Robot Schematics Acquired . | . . . . . . Robots Built . | . . . . . . Authchips . | . . . . . . Time . | . . . . . . Total Robot Build Rating . | . . . . . . Part Schematics Acquired 1 | . . . . . 1 Parts Built . | . . . . . . Authchips . | . . . . . . Time . | . . . . . . Total Part Build Rating . | . . . . . . Parts Repaired 1 | . . . 1 . . Time 26 | . . . 26 . . Parts Recycled . | . . . . . . Recycled Matter . | . . . . . . Retrieved Matter . | . . . . . . Retrieved Components . | . . . . . . Parts Scanalyzed 1 | . . . . . 1 Part Schematics Acquired 1 | . . . . . 1 Parts Damaged . | . . . . . . Bothacking | -11 -10 -10 -9 -9 -8 ------------ Run | Yrd Mat Min Mat Min Mat Used RIF Installer . | . . . . . . Robots Hacked . | . . . . . . Non-combat . | . . . . . . Combat . | . . . . . . Robot Hacks Applied . | . . . . . . Relay Couplers Released . | . . . . . . Fabnet Peak Effective % . | . . . . . . Robots Rewired . | . . . . . . Allies Hacked . | . . . . . . Hacks Repelled . | . . . . . . Allies | -11 -10 -10 -9 -9 -8 -------- Run | Yrd Mat Min Mat Min Mat Total Allies 5 | . . 2 . 3 . Largest Group 3 | . . 2 2 3 3 Highest-Rated Group 46 | . . 46 46 40 40 Highest-Rated Ally 31 | . . 31 31 16 16 Total Orders 3 | . . . . 3 . STAY 1 | . . . . 1 . ROAM 1 | . . . . 1 . FOLLOW 1 | . . . . 1 . Ally Attacks 58 | . . . 14 3 41 Total Damage 645 | . . . 173 30 442 Kills 10 | . . . 4 1 5 Allies Corrupted . | . . . . . . Allies Melted . | . . . . . . Intel | -11 -10 -10 -9 -9 -8 ------- Run | Yrd Mat Min Mat Min Mat Robot Analysis Total . | . . . . . . Derelict Logs Recovered 2 | . . 2 . . . Drone Launches . | . . . . . . Drone Recoveries . | . . . . . . Exploration | -11 -10 -10 -9 -9 -8 ------------- Run | Yrd Mat Min Mat Min Mat Turns Passed 2778 | 71 666 511 774 156 600 Spaces Moved 1616 | 52 354 397 368 97 348 Core 8 | 8 . . . . . Treads . | . . . . . . Legs 1608 | 44 354 397 368 97 348 Wheels . | . . . . . . Hover . | . . . . . . Flight . | . . . . . . Fastest Speed 50 | 50 120 120 120 120 112 Average Speed 122 | 109 120 120 130 128 119 Slowest Speed 190 | 120 120 120 133 133 190 Overloaded Moves . | . . . . . . Propulsion Burnouts . | . . . . . . Robots Hopped . | . . . . . . Cave-ins Triggered . | . . . . . . Exploration Rate (%) 38 | 5 48 92 31 21 31 Regions Visited 5 Branch Regions 2 Pre-discovered Areas 1 | . . 1 . . . Known Exits Taken 1 | . . . 1 . . Unknown Exits Taken 4 | 1 1 1 . 1 . Scrap Searched 3 | . . 3 . . . Spaces Dug 2 | . . . . . 2 Terrain Destroyed 29 | . 23 . . . 6 Melee 2 | . . . . . 2 Projectile . | . . . . . . AOE 27 | . 23 . . . 4 Terrain Rammed . | . . . . . . Walls Destroyed . | . . . . . . Machines Disabled . | . . . . . . Actions | -11 -10 -10 -9 -9 -8 --------- Run | Yrd Mat Min Mat Min Mat Total 2240 | 66 558 430 598 121 467 Wait 371 | . 143 28 153 8 39 Move 1611 | 51 353 396 367 96 348 Hop . | . . . . . . Pick Up 51 | 9 15 2 15 2 8 Fast Attach 7 | . 1 . 1 3 2 Attach 16 | 6 3 . 3 . 4 Detach 1 | . 1 . . . . Swap 37 | . 9 1 12 5 10 Drop 37 | . 9 2 13 4 9 Fire 84 | . 23 1 34 2 24 Melee 23 | . . . . . 23 Ram . | . . . . . . Kick 2 | . 1 . . 1 . Crush . | . . . . . . Escape Stasis . | . . . . . . Rewire . | . . . . . . Trap . | . . . . . . Miscellaneous . | . . . . . . Route ------- -11/Scrapyard -10/Materials -10/Mines -9/Materials (discovered 2 exits: *Min x2) -9/Mines -8/Materials (discovered 1 exit: [*Fac]) History --------- Turn | Location | Event 5 | -11/Scrapyard | Discovered new exit (range 16) 72 | -11/Scrapyard | Entered Materials 173 | -10/Materials | Discovered new exit (range 16) 307 | -10/Materials | Build established: Mutant 738 | -10/Materials | Entered Mines 750 | -10/Mines | Met a Derelict bent on vengeance 1013 | -10/Mines | Learned location of 1 exit from Materials 1227 | -10/Mines | Discovered new exit (range 13) 1235 | -10/Mines | Learned location of Storage (-7) 1249 | -10/Mines | Entered Materials 1249 | -9/Materials | Accompanied by 2 allies 1249 | -9/Materials | Evolved 2 slots: Propulsion x1, Utility x1 1250 | -9/Materials | Identified exit to Mines 1254 | -9/Materials | Led the pair of lost Derelicts to an unsafe place 1589 | -9/Materials | Repaired Lrg. Matter Pod 1695 | -9/Materials | Build established: Scavenger-Mutant 1986 | -9/Materials | Discovered exit to Mines (range 10) 2023 | -9/Materials | Entered Mines 2025 | -9/Mines | Assisted by bots powering up and referring to "LRC-V3" 2050 | -9/Mines | Discovered new exit (range 5) 2092 | -9/Mines | Met a Derelict who couldn't figure out how to use a Trap Extractor 2123 | -9/Mines | System corruption reached 10% 2153 | -9/Mines | Build established: Mutant 2179 | -9/Mines | Entered Materials 2179 | -8/Materials | Accompanied by 3 allies 2179 | -8/Materials | Evolved 2 slots: Propulsion x1, Utility x1 2383 | -8/Materials | Lost 3 allies 2763 | -8/Materials | Discovered new exit (range 3) 2779 | -8/Materials | Self-destructed Last Messages --------------- 02718_ U-05 Engineer lays Concrete. 02719_ S-10 Pest destroyed. 02719_ Chain reaction triggered in Corrupted Lgt. Ion Engine. 02722_ Acquired 36 matter. 02732_ ALERT: Suspicious intruders detected, dispatching Specialist reinforcements to area. 02737_ R-06 Scavenger collects Corrupted Flight Unit. 02738_ R-06 Scavenger collects Corrupted Structural Scanner. 02740_ R-06 Scavenger collects Lgt. Assault Rifle. 02753_ Connecting with Terminal... 02763_ EXIT=FOUND 02764_ Knocked back. 02772_ Slug penetrates Wall. 02772_ Knocked back. 02776_ Aluminum Leg destroyed. 02779_ Slug penetrates Terminal. 02779_ Terminal disabled. 02779_ Knocked back. Map ----- +----------------------------------------------------+ | ??????????????????????????????????????? | | ??????????????????????????????????????? | | ??????????????????????????????????????? | | ??????????????????????????????????????? | | ??????????????????????????????????????? | | ??????????????????????????????????????? | | ??????????????????????????????????????? | | ??????????????????????????????????????? | | ??????????????????????????????????????? | | ??????????????????????????????????????? | | ??????????????????????????????????????? | | ??????????????????????????????????????? | | ??????????????????????????????????????? | | ??????????????????????????????????????? | | ??????????????????????????????????????? | | ??????????????????????????????????????? | | ??????????????????????????????????????? | | ?????????????##+###???????????????????? | | ?????????????# ??? ???????????????? | | ?????????????# ??? ???????????????? | | ?????????????# ???? ???????????????? | | ?????????????# ???? #??????????????? | | ?????????????# ????# #??????????????? | | ?????????????# ????# #??????????????? | | ??????????####;###### #??????????????? | | ??????????# @ # #??????????????? | | ??????????# % % # #??????????????? | | ??????????# "T # #??????????????? | | ??????????# # #??????????????? | | ??????????###+#;;;;## #########+###??? | | ????????????# # x ???? | | ????????????# # H ???????? | | ????????????# # x ???????????? | | ????????????# ####### ###????????????? | | ????????????# #?????#% #??????????????? | | ????????????# #?????# #??????????????? | | ????????????# #?###?# #??????????????? | | ???????????## ####### ##?????????????? | | ?########### #?????????????? | | ?# / % #?????????????? | | ?# ## *= #?????????????? | | ?# ## #??##########?? | | ?# ## ##??# #?? | | ?# ## ##### =#?? | | ?# ## % + [!### | | ?# ##^ | ## ![=#*= | | ?# ## ## *[%+[% | | ?# ## ## [=*%#== | | ???####+### %%% % ## *[*### | | ?????# "%% ## =### | +----------------------------------------------------+ Best States ------------- Heat Dissipation 38 Coolant Potential 65 Energy Generation 23 Energy Capacity 280 Matter Stores 300 Matter Capacity 300 Sight Range 16 Robot Scan Range 14 Terrain Scan Density 10 ECM Strength 1 Jamming Range 12 Armor Coverage 300 Resistance: KI 20 Evasion (%) 55 Melee Accuracy 6 Item Schematics ----------------- Imp. Melee Analysis Suite | -8/Materials | Scanalyzed Robot Schematics ------------------ None Fabricated ------------ Nothing Alien Tech Used ----------------- None Achievements -------------- None Challenges ------------ None Game ------ Seed BladeMicrowarpScrap Manual? 0 Play Time 00:35:18 Cumulative 88.1 hours Start 2024.04.02 @ 11:49:34 End 2024.04.03 @ 14:42:54 Sessions 3 Manual Loads 0 Difficulty Rogue Special Mode None Game No. 167 Rogue 167 Adventurer 0 Explorer 0 Win Type - Total 0 Types 0/0/0/0/0/0/0/0/0 Lore% 39 Gallery% 52 Achievement% 38 Wizard Run 0 Options --------- Layout 1 ASCII 0 Keyboard 0 Movement Numpad Keybinds 0 Fullscreen 1 Font 16/SmallcapsGlow Map View 55x38 Zoom Use 0% Tactical HUD 1 Map Filters NONE Filters NONE Steam 1 RUN: 16786d72-b603-47cc-a458-e63561de279b